 Dungeon Crawl Stone Soup version 0.22.0 (webtiles) character file.

16 KnightedAnt the Skirmisher (level 2, 0/24 HPs)
             Began as a Formicid Abyssal Knight on Oct 28, 2018.
             Was a Follower of Lugonu.
             Slain by a jackal (2 damage)
             ... on level 1 of the Dungeon.
             The game lasted 00:01:00 (776 turns).

KnightedAnt the Skirmisher (Formicid Abyssal Knight) Turns: 776, Time: 00:01:01

Health: 0/24       AC:  3    Str: 16    XL:     2   Next: 75%
Magic:  3/3        EV: 11    Int: 11    God:    Lugonu [*.....]
Gold:   49         SH:  0    Dex: 10    Spells: 1/1 levels left

rFire    . . .     SeeInvis +   a - +1 mace
rCold    . . .     Gourm    .   (no shield)
rNeg     . . .     Faith    .   b - +0 leather armour
rPois    .         Spirit   .   (helmet unavailable)
rElec    .         Reflect  .   (no cloak)
rCorr    .         Harm     .   (no gloves)
MR       .....                  (no boots)
Stlth    +.........             (no amulet)
HPRegen  0.08/turn              (no ring)
MPRegen  0.08/turn              (no ring)

@: no status effects
A: permanent stasis, dig shafts and tunnels, four strong arms, antennae 3
a: Dig, Shaft Self, Depart the Abyss, Renounce Religion


You were on level 1 of the Dungeon.
You worshipped Lugonu.
Lugonu was aware of your devotion.
You were not hungry.

You visited 1 branch of the dungeon, and saw 1 of its levels.
You visited the Abyss 1 time.

You collected 49 gold pieces.

Inventory:

Hand Weapons
 a - a +1 mace (weapon)
Armour
 b - a +0 leather armour (worn)
Scrolls
 e - a scroll of teleportation {unknown}
 f - a scroll of noise {unknown}
Potions
 g - 2 potions of curing {unknown}
Comestibles
 c - 2 rations


   Skills:
 + Level 3.5 Fighting
 + Level 2.2 Maces & Flails
 + Level 2.4 Armour
 + Level 1.2 Dodging
 + Level 2.5 Invocations


You had one spell level left.
You didn't know any spells.
Your spell library was empty.

Dungeon Overview and Level Annotations

Branches:
Dungeon (1/15)

Altars:


Innate Abilities, Weirdness & Mutations

You cannot be hasted, slowed, berserked, paralysed or teleported.
You can dig through walls and to a lower floor.
Your four strong arms can wield two-handed weapons with a shield.
You have a pair of large antennae on your head. (SInv)


Message History

You see here a club.
Found a glowing dagger.
Found a hand axe.
A kobold comes into view. It is wielding a whip of electrocution.
The kobold shouts!
A jackal comes into view.
A dart slug comes into view.
The kobold barely misses you.
You closely miss the kobold.
The jackal barks!
The kobold hits you but does no damage. The dart slug launches a dart at you.
The slug dart hits you!
You barely miss the kobold. The jackal closely misses you.
The kobold hits you with a whip of electrocution.
You are electrocuted!
Ouch! That really hurt!
* * * LOW HITPOINT WARNING * * *
The jackal bites you.
You die...

####### w....# ##....##
#...... # #.....#
#...Kh####.# #
####...@......#
#.#.......######## #.
#.#.......#......# # #.
#.#.......#.....)# #
.#..#
#.####.........#......#
.......
.##.#...##...#...#......#
...####
........#...#..........#
.......
###.#....#...#..........#
..##..
.........#...###........#
#P..


You could see a dart slug, a jackal and a kobold.

Vanquished Creatures
  A dart slug (D:1)
  3 hobgoblins (D:1)
  4 jackals (D:1)
  A ball python (D:1)
  A bat (D:1)
  A frilled lizard (D:1)
  3 rats (D:1)
14 creatures vanquished.

Notes
Turn   | Place    | Note
-------+----------+-------------------------------------------
     0 | Abyss:1  | KnightedAnt the Formicid Abyssal Knight began the quest for the Orb.
     0 | Abyss:1  | Reached XP level 1. HP: 18/18 MP: 2/2
     4 | Abyss:1  | Found a corrupted altar of Lugonu.
     5 | Abyss:1  | Found a roughly hewn altar of Beogh.
    47 | Abyss:1  | Noticed a small abomination
    53 | D:1      | Escaped the Abyss
   235 | D:1      | Reached skill level 1 in Dodging
   290 | D:1      | Reached * piety under Lugonu
   290 | D:1      | Reached XP level 2. HP: 16/24 MP: 3/3
   445 | D:1      | HP: 1/24 [frilled lizard (1)]
   776 | D:1      | Slain by a jackal

Skill      XL: |  1 |
---------------+----+-----
Dodging        | 1 |  1.2
Fighting       | |  3.5
Maces & Flails | |  2.2
Armour         | |  2.4
Invocations    | |  2.5

Action                   || total
-------------------------++-------
Melee: Mace              ||    49
Invok: Depart the Abyss  ||     1
Armor: Leather armour    ||    14
Dodge: Dodged            ||    34
